 Dungeon Crawl Stone Soup version 0.30-a0-140-gd1020e658a (webtiles) character file.

Game seed: 14132185816335844308

2717 KennySheep the Sneak (level 9, -4/80 HPs)
             Began as a Naga Earth Elementalist on Sept 25, 2022.
             Was a High Priest of Elyvilon.
             Slain by Joseph
             ... wielding a +0 quarterstaff
              (21 damage)
             ... on level 8 of the Dungeon.
             The game lasted 00:31:51 (8468 turns).

KennySheep the Sneak (Naga Earth Elementalist)      Turns: 8468, Time: 00:31:52

Health: -4/80      AC:  2    Str: 14    XL:     9   Next: 66%
Magic:  12/14      EV: 22    Int: 17    God:    Elyvilon [*****.]
Gold:   224        SH:  0    Dex: 16    Spells: 6/15 levels left

rFire   . . .      SeeInvis +      - Unarmed
rCold   . . .      Faith    .    (shield currently unavailable)
rNeg    . . .      Spirit   .    (body armour currently unavailable)
rPois   x          Reflect  .    (helmet currently unavailable)
rElec   .          Harm     .    (cloak currently unavailable)
rCorr   .          Rampage  .    (gloves currently unavailable)
Will    +....                    (no barding)
Stlth   +++.......               v - amulet of the acrobat
HPRegen 0.23/turn                B - +4 ring of evasion
MPRegen 0.14/turn                (no ring)

@: spider-form
A: venomous fangs, AC +3, tiny, see invisible, (deformed body), (poison
resistance), (slowness 2), spit poison 1, (naga tail 1)
a: Spit Poison, End Transformation, Renounce Religion, Purification, Heal Other,
Heal Self, Divine Vigour


You were on level 8 of the Dungeon.
You worshipped Elyvilon.
Elyvilon was extremely pleased with you.
You were a venomous arachnid creature.
You visited 1 branch of the dungeon, and saw 8 of its levels.
You also visited: Sewer and Bailey.

You collected 298 gold pieces.
You spent 74 gold pieces at shops.

Inventory:

Hand Weapons
 b - a +0 dagger
Armour
 c - a +0 robe (melded)
 f - a +0 cloak (melded)
 q - a +0 pair of gloves
 y - an orb of guile
Magical Staves
 a - a staff of poison (melded)
Jewellery
 g - an amulet of reflection
 v - an amulet of the acrobat (around neck)
 B - a +4 ring of evasion (left front leg)
Wands
 h - a wand of flame (14)
 j - a wand of iceblast (5)
Scrolls
 i - a scroll of fog
 k - 2 scrolls of blinking
 m - a scroll of enchant weapon
 n - 3 scrolls of amnesia
 t - a scroll of poison
 u - 2 scrolls of vulnerability
 w - a scroll of brand weapon
 x - a scroll of silence
Potions
 d - 3 potions of curing
 l - a potion of might
 o - a potion of brilliance {unknown}
 p - a potion of mutation {unknown}
 r - a potion of resistance {unknown}
 s - a potion of ambrosia
 z - 2 potions of flight {unknown}
 A - a potion of attraction {unknown}
Miscellaneous
 e - a phantom mirror


   Skills:
 + Level 4.9 Fighting
 - Level 1.5 Dodging
 - Level 6.1 Stealth
 + Level 4.9 Unarmed Combat
 - Level 3.5 Spellcasting
 - Level 3.1 Conjurations
 + Level 5.1 Transmutations
 - Level 5.3 Earth Magic
 - Level 5.0 Poison Magic
 + Level 3.9 Invocations
 - Level 0.9 Evocations


You had 6 spell levels left.
You knew the following spells:

 Your Spells              Type           Power      Damage    Failure   Level
a - Sandblast             Erth           42%        2d11      8%          1
c - Stone Arrow           Conj/Erth      34%        3d9       22%         3
d - Spider Form           Tmut/Pois      20%        N/A       17%         3
z - Passwall              Tmut/Erth      16%        N/A       11%         2

Your spell library contained the following spells:

 Spells                   Type           Power      Damage    Failure   Level
 Foxfire                  Conj/Fire      32%        2x1d5     22%         1
 Slow                     Hex            12%        N/A       36%         1
 Petrify                  Tmut/Erth      20%        N/A       38%         4
 Ensorcelled Hibernation  Hex/Ice        6%         N/A       47%         2
 Confusing Touch          Hex            3%         N/A       67%         3
 Inner Flame              Hex/Fire       3%         N/A       67%         3
 Kindle Blastsparks       Fire/Tloc/Air  6%         2d10      67%         3
 Vampiric Draining        Necr           3%         2d6       67%         3
 Flame Wave               Conj/Fire      8%         2d5       83%         4
 Anguish                  Hex/Necr       1%         N/A       95%         4


Dungeon Overview and Level Annotations

Branches:
Dungeon (8/15)             Temple (0/1) D:7           Sewer (visited)
 Bailey (visited)
   Lair: D:8-11

Altars:
Elyvilon
Yredelemnul

Shops:
D:1 =   D:2 **!

Annotations:
D:4 Ijyb
D:5 2 transporters, NinjaNoafa's ghost, amateur GnWr
D:8 Joseph


Innate Abilities, Weirdness & Mutations

You are a venomous arachnid creature.
You have poisonous fangs.
You are tiny and dextrous.
Your spellcasting is less reliable in this form.
Your armour is entirely melded.
You are incapable of wielding weapons or throwing items.
((Your serpentine skin is tough. (AC +3)))
You have supernaturally acute eyesight. (SInv)
((Armour fits poorly on your strangely shaped body.))
((Your system is resistant to poisons. (rPois)))
((You cover ground very slowly.))
You can spit poison.
((You have a snake-like lower body.))


Message History

You start resting.
An orc wizard comes into view. It is wielding a +0 dagger.
You start resting.
An orc wizard is nearby!
You start resting.
Your transformation is almost over.
Your transformation has ended.
Your staff of poison unmelds from your body.
Your +0 cloak unmelds from your body.
Your +0 robe unmelds from your body.
You start resting.
HP restored.
Items here: ) [ รทรทรท.
g - an amulet of reflection;
s - a potion of ambrosia
Things that are here:
a +1 hand axe of venom; a +0 ring mail; an orc skeleton You see here a +0 whip.
Joseph, a Mercenary comes into view.
He is wielding a +0 quarterstaff.
Joseph is nearby!
Casting: Spider Form (dangerous; 6% risk of failure)
Confirm with . or Enter, or press ? or * to list all spells.
You feel a surge of power!
You turn into a venomous arachnid creature.
Your staff of poison melds into your body.
Your +0 cloak melds into your body.
Your +0 robe melds into your body.
Joseph unwields a +0 quarterstaff.
Joseph wields a +0 sling.
Joseph shoots a sling bullet.
The sling bullet hits you!
Joseph unwields a +0 sling.
Joseph wields a +0 quarterstaff.
Joseph misses you.
You barely miss Joseph. Joseph hits you with a +0 quarterstaff!
You barely miss Joseph. Joseph hits you with a +0 quarterstaff!
You hit Joseph but do no damage.
Joseph is poisoned.
Joseph hits you with a +0 quarterstaff!!
* * * LOW HITPOINT WARNING * * *
You bite Joseph!
Joseph looks as sick as possible!
Joseph is lightly wounded.
Joseph hits you with a +0 quarterstaff.
* * * LOW HITPOINT WARNING * * *
You hit Joseph.
Joseph looks as sick as possible!
Joseph is moderately wounded.
Joseph hits you with a +0 quarterstaff!!
You die...

..... ##.......
#.#....##.......##
..#..#..........##
###................#
##..................#
......##...........#
......###........#
#@..#.......### ..
#s..####.....###..
##..## ###........
#...## ##....###
##...## ##..#....
##...###......~~
#..............
#..............
#......).....~~
#.......)......


You could see Joseph (extremely poisoned).

Vanquished Creatures
  3 yaks (D:8)
  An acid dragon (D:8)
  A water moccasin (D:5)
  5 sky beasts
  2 ogres (D:6)
  2 centaurs
  2 wolves (D:8)
  A kobold brigand (D:6)
  5 bullfrogs
  A scorpion (D:6)
  4 hounds
  An orc priest (D:6)
  3 jellies (D:7)
  Natasha (twice) (D:4)
  4 orc wizards
  5 gnolls
  5 adders
  A shadow imp (D:7)
  A white imp (D:8)
  An ufetubus (D:7)
  3 worms
  4 dart slugs (D:1)
  24 orcs
  7 ball pythons
  8 endoplasms
  16 giant cockroaches
  12 goblins
  6 hobgoblins
  3 jackals (D:2)
  8 kobolds
  6 quokkas
  6 bats
  9 frilled lizards
  6 rats
168 creatures vanquished.

Notes
Turn   | Place    | Note
-------+----------+-------------------------------------------
     0 | D:1      | KennySheep the Naga Earth Elementalist began the quest for
                  | the Orb.
     0 | D:1      | Reached XP level 1. HP: 15/15 MP: 3/3
   276 | D:1      | Reached XP level 2. HP: 15/24 MP: 0/5
   279 | D:1      | Learned a level 2 spell: Passwall
   601 | D:1      | Found a faded altar of an unknown god.
   646 | D:1      | Prayed at the altar of an unknown god.
   646 | D:1      | Became a worshipper of Elyvilon the Healer
   646 | D:1      | Reached * piety under Elyvilon
   676 | D:1      | Reached XP level 3. HP: 25/30 MP: 1/6
   791 | D:1      | Found Diogomiza's Jewellery Shop.
   861 | D:1      | Reached skill level 1 in Fighting
  1114 | D:2      | Found Dayllipt's Assorted Antiques.
  1124 | D:2      | Bought a scroll labelled ESSAPNO COBOBB for 19 gold pieces
  1124 | D:2      | Bought a scroll labelled GUNAQEIGEOG for 19 gold pieces
  1218 | D:2      | Bought a scroll labelled ROUZIQ QEGORCH for 19 gold pieces
  1259 | D:2      | Found Ontyim's Distillery.
  1413 | D:2      | Found Antos's Assorted Antiques.
  1528 | D:2      | Reached skill level 4 in Stealth
  1528 | D:2      | Reached XP level 4. HP: 38/38 MP: 4/7
  1535 | D:2      | Learned a level 3 spell: Stone Arrow
  1705 | D:2      | Bought a fizzy ruby potion for 17 gold pieces
  1764 | D:3      | Found a glowing drain.
  1768 | Sewer    | Entered a sewer
  2220 | Sewer    | Noticed a bullfrog
  2222 | Sewer    | Noticed a bullfrog
  2225 | Sewer    | Killed a bullfrog
  2226 | Sewer    | Reached skill level 1 in Conjurations
  2226 | Sewer    | Reached XP level 5. HP: 7/45 MP: 3/9
  2238 | Sewer    | Reached XP level 6. HP: 26/52 MP: 7/10
  2656 | D:3      | Reached ** piety under Elyvilon
  3411 | D:4      | Noticed Natasha
  3415 | D:4      | Killed Natasha
  3418 | D:4      | Reached skill level 5 in Stealth
  3601 | D:4      | Noticed Ijyb
  3647 | D:4      | Noticed Natasha
  3656 | D:4      | Reached skill level 5 in Earth Magic
  3656 | D:4      | Reached XP level 7. HP: 19/61 MP: 5/11
  4084 | D:4      | Killed Natasha
  4314 | D:4      | Reached *** piety under Elyvilon
  4434 | D:5      | Entered Level 5 of the Dungeon
  4451 | D:5      | Found a transporter.
  4451 | D:5      | Found a transporter.
  4451 | D:5      | Noticed NinjaNoafa's ghost (amateur GnWr)
  4468 | D:5      | Learned a level 3 spell: Spider Form
  4692 | D:6      | Reached skill level 6 in Stealth
  4692 | D:6      | Reached skill level 1 in Poison Magic
  4718 | D:6      | Reached XP level 8. HP: 40/69 MP: 9/13
  4892 | D:6      | Identified the +4 mace "Isiuw" {venom, rN+++ Int-4 SInv
                  | Stlth+}
  4930 | D:6      | Reached skill level 1 in Unarmed Combat
  5656 | D:6      | Reached **** piety under Elyvilon
  6294 | D:7      | Reached skill level 1 in Invocations
  6572 | D:7      | Found a staircase to the Ecumenical Temple.
  6598 | D:7      | Reached skill level 5 in Poison Magic
  6744 | D:7      | Reached XP level 9. HP: 78/78 MP: 10/14
  6746 | D:7      | Found a basalt altar of Yredelemnul.
  7059 | D:7      | Reached ***** piety under Elyvilon
  7699 | D:8      | Found a flagged portal.
  7736 | Bailey   | Entered a bailey
  8117 | D:8      | Reached skill level 5 in Transmutations
  8123 | D:8      | Elyvilon protects you from harm!
  8459 | D:8      | Noticed Joseph
  8468 | D:8      | Slain by Joseph

Illustrated notes

Levels and vault maps discovered:
D:1:      lemuel_arrival_muddy, layout_basic,
          shapermc_ecumenical_altar_mp_vishouse, serial_shops,
          nicolae_shop_window_shopping, fountainhead, minmay_misc_feat_columns,
          reono_crystal_passage
D:2:      layout_rooms, serial_shops, nicolae_shop_statue_plus,
          nicolae_shop_waterfront, shop_statue
D:3:      layout_loops_ring, gup_sewer_entry_bowl
D:4:      layout_basic, uniq_ijyb, uniq_natasha
D:5:      layout_cave_pools, gammafunk_ghost_arena, item_on_display_a,
          uniq_prince_ribbit1, uniq_blork_the_orc
D:6:      layout_cave_pods
D:7:      layout_loops_cross, mainiacjoe_overflow_chevrons,
          minmay_temple_entry_mini_moons, minmay_misc_feat_rugged
D:8:      layout_cave_pods, erik_lair_island, enter_bailey_5, uniq_joseph

Skill      XL: |  1  2  3  4  5  6  7  8  9 |
---------------+----------------------------+-----
Fighting       | 1 2 3 4 |  4.9
Stealth        | 4 5 6 |  6.1
Earth Magic    | 4 5 |  5.3
Conjurations   | 1 2 3 |  3.1
Spellcasting   | 3 |  3.5
Poison Magic   | 2 5 |  5.0
Unarmed Combat | 3 4 |  4.9
Transmutations | 4 5 |  5.1
Invocations    | 1 3 |  3.9
Dodging        | |  1.5
Evocations     | |  0.9

Action                   |  1- 3 |  4- 6 |  7- 9 || total
-------------------------+-------+-------+-------++-------
Melee: Unarmed           |     7 |       |   148 ||   155
       Dagger            |     7 |     7 |    11 ||    25
       Staff             |       |       |    24 ||    24
       Punch             |       |       |     1 ||     1
 Cast: Sandblast         |    50 |    94 |    29 ||   173
       Stone Arrow       |       |       |    38 ||    38
       Spider Form       |       |       |    18 ||    18
 Abil: Spit Poison       |       |       |     1 ||     1
  Use: Scroll            |       |    10 |     3 ||    13
       Potion            |       |     4 |     5 ||     9
 Stab: Sleeping          |       |     3 |     4 ||     7
Armor: Robe              |    14 |    10 |    19 ||    43
       Skin              |       |       |    11 ||    11
Dodge: Dodged            |    19 |    25 |   285 ||   329

Table legend: (Time is in decaauts)
 A = Elapsed time spent in this place.
 B = Non-inter-level travel time spent in this place.
 C = Inter-level travel time spent in this place.
 D = Time resting spent in this place.
 E = Time spent auto-exploring this place.
 F = Levels seen in this place.
 G = Mean time per level.
                   A        B        C        D        E       F      G
               +--------+--------+--------+--------+--------+-----+--------+
         Total |  10145 |   9849 |    296 |   2667 |   5456 |  10 | 1014.5 |
       Dungeon |   9110 |   8814 |    296 |   2288 |   5113 |   8 | 1138.8 |
         Sewer |    994 |    994 |      0 |    379 |    342 |   1 |  994.0 |
        Bailey |     40 |     40 |      0 |      0 |      0 |   1 |   40.0 |
               +--------+--------+--------+--------+--------+-----+--------+

Top non-repeatable levels by time:
     D:6: 1940 daAuts
     D:7: 1462 daAuts
     D:1: 1322 daAuts
     D:4: 1224 daAuts
     D:3: 1213 daAuts
   Sewer: 994 daAuts
     D:8: 938 daAuts
     D:2: 788 daAuts
     D:5: 220 daAuts
  Bailey: 40 daAuts
